Map: Lockdown LE

Players

Dragonite - Winner!

  • Race: Protoss Protoss
  • League: Grandmaster
  • Spawn Location: 7:00

llllllllllll

  • Race: Protoss Protoss
  • League: Master
  • Spawn Location: 1:00

VOD

Have the link to the VOD?

Description

Time

  • Played on: June 23, 2026, 8:03 a.m.
  • Length: 9:43
Show
View Real Time Build Order
Export as new Build Order

Dragonite Protoss - Winner!

Build Orders: Phoenix Opening 

Get SALT Encoding   

  8  0:00  Probe  
  9  0:12  Probe  
  10  0:24  Probe  
  10  0:27  Pylon  
  11  0:36  Probe (Chrono Boost)  
  12  0:48  Probe (Chrono Boost)  
  13  0:55  Probe (Chrono Boost)  
  14  0:57  Gateway  
  14  1:03  Probe  
  15  1:07  Assimilator  
  15  1:15  Probe  
  16  1:27  Probe (Chrono Boost)  
  16  1:31  Gateway  
  17  1:37  Probe (Chrono Boost)  
  18  1:42  Probe (Chrono Boost)  
  18  1:46  Cybernetics Core  
  19  1:52  Assimilator  
  19  1:54  Probe  
  20  2:02  Pylon  
  20  2:07  Probe (Chrono Boost)  
  21  2:22  Probe (Chrono Boost)  
  22  2:23  Stalker  
  22  2:24  Warp Gate  
  22  2:27  Probe (Chrono Boost)  
  25  2:36  Probe  
  26  2:39  Sentry  
  26  2:42  Pylon  
  28  3:00  Stalker  
  30  3:08  Sentry  
  30  3:12  Phoenix  
  31  3:16  Nexus  
  31  3:26  Robotics Facility  
  31  3:31  Probe (Chrono Boost)  
  33  3:41  Probe (Chrono Boost)  
  33  3:45  Shield Battery  
  33  3:46  Probe (Chrono Boost)  
  33  3:47  Pylon  
  34  3:50  Sentry  
  36  3:57  Probe  
  37  4:11  Immortal (Chrono Boost)  
  41  4:17  Probe  
  42  4:24  Sentry  
  42  4:28  Probe  
  42  4:29  Probe, Stalker  
  48  4:40  Warp Prism (Chrono Boost)  
  50  4:53  Adept  
  50  4:54  Adept  
  50  4:57  Probe x2  
  56  5:09  Probe x2  
  56  5:10  Pylon  
  56  5:13  Observer  
  58  5:17  Adept  
  58  5:25  Adept  
  53  5:45  Probe x2 (Chrono Boost)  
  53  5:47  Stalker  
  53  5:48  Stalker  
  59  5:56  Probe x2 (Chrono Boost)  
  59  6:21  Stalker x2  
  59  6:22  Probe (Chrono Boost)  
  59  6:25  Twilight Council, Probe (Chrono Boost)  
  63  6:27  Pylon  
  63  6:28  Forge  
  64  6:34  Probe (Chrono Boost)  
  64  6:37  Probe (Chrono Boost)  
  64  6:39  Probe (Chrono Boost)  
  65  6:46  Probe  
  67  6:50  Probe, Assimilator, Immortal  
  67  6:51  Assimilator  
  67  6:52  Protoss Ground Weapons Level 1 (Chrono Boost)  
  72  6:56  Gateway  
  72  6:58  Probe  
  73  7:02  Charge  
  73  7:03  Probe  
  74  7:18  Gateway  
  74  7:21  Gateway  
  74  7:25  Pylon  
  74  7:29  Pylon  
  74  7:31  Gateway  
  74  7:38  Gateway  
  74  7:41  Probe  
  72  7:44  Adept x2  
  72  7:49  Probe  
  71  7:54  Probe  
  70  8:01  Probe  
  71  8:06  Probe  
  71  8:07  Zealot x2  
  71  8:11  Templar Archives  
  76  8:13  Gateway  
  76  8:21  Zealot x2  
  76  8:23  Zealot  
  82  8:27  Pylon  
  82  8:34  Zealot  
  82  8:35  Zealot  
  82  8:36  Zealot  
  82  8:37  Zealot  
  90  8:42  Pylon  
  86  9:08  High Templar x2  
  86  9:09  Zealot x5  
  99  9:13  Archon  
  84  9:34  Zealot x5  
Show
View Real Time Build Order
Export as new Build Order

llllllllllll Protoss 

Build Orders: Phoenix Opening, Chargelot Immortal 

Get SALT Encoding   

  8  0:00  Probe  
  9  0:12  Probe  
  10  0:24  Probe  
  11  0:36  Probe  
  11  0:40  Pylon  
  12  0:48  Probe (Chrono Boost)  
  13  1:00  Gateway, Probe (Chrono Boost)  
  14  1:07  Probe (Chrono Boost)  
  14  1:10  Assimilator  
  15  1:15  Probe  
  16  1:24  Assimilator  
  16  1:27  Probe  
  17  1:39  Probe  
  18  1:44  Gateway  
  18  1:51  Probe  
  19  1:56  Cybernetics Core  
  19  2:03  Probe  
  20  2:09  Pylon  
  20  2:15  Probe  
  21  2:27  Probe  
  22  2:36  Warp Gate (Chrono Boost), Stalker, Sentry  
  26  2:39  Probe  
  27  2:46  Pylon  
  27  2:58  Probe  
  28  3:09  Phoenix  
  28  3:15  Nexus  
  28  3:18  Sentry  
  29  3:21  Probe  
  29  3:24  Sentry  
  32  3:34  Probe  
  33  3:39  Twilight Council  
  33  3:53  Probe (Chrono Boost)  
  34  3:57  Robotics Facility  
  34  4:06  Probe (Chrono Boost)  
  35  4:13  Probe (Chrono Boost)  
  35  4:14  Resonating Glaives (Chrono Boost)  
  36  4:22  Probe (Chrono Boost)  
  37  4:27  Probe (Chrono Boost)  
  38  4:33  Adept x2  
  38  4:36  Probe x2 (Chrono Boost)  
  44  4:43  Immortal  
  44  4:44  Probe x2  
  50  4:51  Pylon  
  50  5:02  Gateway x2  
  50  5:09  Probe, Shield Battery  
  51  5:18  Stalker x2  
  55  5:30  Warp Prism (Chrono Boost)  
  53  5:41  Stalker x2  
  53  5:47  Probe  
  54  5:51  Pylon  
  52  6:04  Stalker x3  
  55  6:13  Probe x2  
  57  6:25  Stalker, Probe  
  57  6:27  Adept  
  57  6:28  Adept x2  
  64  6:40  Probe x2  
  66  6:52  Pylon  
  66  7:00  Pylon  
  66  7:05  Nexus  
  66  7:07  Pylon  
  66  7:10  Probe (Chrono Boost)  
  66  7:15  Stalker x3  
  73  7:16  Charge  
  75  7:23  Probe (Chrono Boost)  
  75  7:24  Probe (Chrono Boost)  
  75  7:29  Immortal  
  79  7:32  Probe (Chrono Boost)  
  79  7:33  Probe (Chrono Boost)  
  81  7:51  Stalker x2  
  82  7:55  Zealot  
  82  7:56  Zealot  
  82  7:57  Probe x2  
  83  8:04  Assimilator  
  83  8:09  Probe x2 (Chrono Boost)  
  83  8:10  Immortal (Chrono Boost)  
  90  8:20  Probe (Chrono Boost)  
  90  8:21  Probe x2 (Chrono Boost)  
  90  8:26  Forge  
  92  8:27  Adept  
  92  8:28  Adept  
  92  8:30  Zealot x2, Probe (Chrono Boost)  
  92  8:31  Probe (Chrono Boost)  
  103  8:34  Assimilator  
  103  8:37  Pylon  
  102  8:41  Pylon  
  102  8:50  Probe  
  102  8:54  Immortal (Chrono Boost)  
  103  8:55  Probe x2  
  109  9:05  Zealot x4  
  117  9:10  Templar Archives  
  117  9:16  Shield Battery  
  117  9:18  Shield Battery  
  109  9:29  Zealot  
  109  9:30  Zealot x3  
Tags
 
Add a new tag
Caveats
  • Supply blocks, unpowered buildings, or Contaminate may cause inaccurate times.
  • Supply counts are checked every 10 seconds.